[Event "Masters Tournament (MTO)"]
[Site "Biel, Switzerland"]
[Date "2026.07.14"]
[Round "2.24"]
[White "Schnell, Simon"]
[Black "Carey, Michael"]
[Result "1-0"]
[TimeControl "100+30+30sec/move"]
[WhiteTitle "-"]
[BlackTitle "-"]
[WhiteFideId "1345311"]
[BlackFideId "30923760"]
[WhiteElo "2211"]
[BlackElo "1946"]

1. d4 Nf6 2. c4 c5 3. d5 b5 4. cxb5 a6 5. bxa6 Bxa6 6. Nc3 d6 7. e4 Bxf1 8. Kxf1 g6 9. Nf3 Bg7 10.
g3 O-O 11. Kg2 Qb6 12. a4 Na6 13. Ra3 Rfb8 14. Re1 Nc7 15. Re2 Nd7 16. Bf4 Qb7 17. h4 h6 18. Qd3 Qa6 19. Qe3 Kh7 20.
e5 Nb6 21. Qe4 Nc4 22. Ra2 Rb7 23. h5 Nxe5 24. Nxe5 dxe5 25. Bxe5 Ne8 26. hxg6+ Qxg6 27. Bxg7 Kxg7 28. Qxg6+ Kxg6 29.
Ne4 c4 30. Rc2 Rb4 31. a5 Kf5 32. Nc3 Nc7 33. Re2 Kf6 34. Ra1 Rab8 35. Re4 Na6 36. Rae1 R8b7 37. Rf4+ Kg7 38. Rg4+ Kf8 39.
Rh1 Ke8 40. Rxh6 Nc5 41. Rc6 Nd3 42. Rgxc4 Rxb2 43. Rc8+ Kd7 44. Ne4 f5 45. Nc5+ Nxc5 46. R8xc5 Ra2 47. d6 Kxd6 48. Rxf5 e5 49.
Rh4 Rxa5 50. Rh6+ Kd5 51. Rxe5+ 1-0

[Event "Masters Tournament (MTO)"]
[Site "Biel, Switzerland"]
[Date "2026.07.14"]
[Round "2.25"]
[White "Harish, Neeraj"]
[Black "Jelicic, Hugo"]
[Result "1/2-1/2"]
[TimeControl "100+30+30sec/move"]
[WhiteTitle "-"]
[BlackTitle "-"]
[WhiteFideId "30958130"]
[BlackFideId "1349040"]
[WhiteElo "2201"]
[BlackElo "1907"]

1. e4 c6 2. d4 d5 3. e5 c5 4. Nf3 Nc6 5. dxc5 e6 6. a3 Bxc5 7. b4 Bb6 8. Bb2 f6 9. b5 Nxe5 10.
Nxe5 fxe5 11. Qh5+ Kf8 12. Qxe5 Qf6 13. Qd6+ Qe7 14. Qg3 Nf6 15. Nd2 Bc7 16. Be5 Bxe5 17. Qxe5 Ng4 18. Qg3 Qf6 19.
O-O-O Nxf2 20. Bd3 Nxh1 21. Rxh1 Ke8 22. Rf1 Qe7 23. Bxh7 Rf8 24. Re1 Bd7 25. Qc7 Qxa3+ 26. Kb1 Qb4+ 27.
Kc1 Qa3+ 28. Kb1 Qb4+ 29. Kc1 Rf6 30. Qg3 Qe7 31. Nf3 Bxb5 32. Nd4 Bd7 33. Nf5 Qf8 34. Nd6+ Ke7 35. Nxb7 Rf4 36.
Qa3+ Kf6 37. Qc3+ d4 38. Qg3 g5 39. h4 Qh6 40. Nc5 gxh4 41. Nxd7+ Ke7 42. Qa3+ Kxd7 43. Bd3 Rf1+ 44. Kb2 Rb8+ 45.
Ka2 Rxe1 46. Qxa7+ Kc6 47. Qxb8 Qe3 48. Qc8+ Kd6 49. Qd8+ Ke5 50. Qh8+ Kd5 51. Qd8+ Ke5 1/2-1/2

[Event "Masters Tournament (MTO)"]
[Site "Biel, Switzerland"]
[Date "2026.07.14"]
[Round "2.26"]
[White "Hajduk, Tomasz"]
[Black "Cervelli, Eduard"]
[Result "0-1"]
[TimeControl "100+30+30sec/move"]
[WhiteTitle "-"]
[BlackTitle "-"]
[WhiteFideId "21811415"]
[BlackFideId "1351800"]
[WhiteElo "1921"]
[BlackElo "2197"]

1. e4 c5 2. Nf3 d6 3. d4 cxd4 4. Nxd4 Nf6 5. Nc3 a6 6. Bg5 e6 7. f4 Be7 8. Qf3 Qc7 9. O-O-O Nbd7 10.
g4 b5 11. Bxf6 Nxf6 12. g5 Nd7 13. h4 b4 14. Nce2 Bb7 15. h5 Nc5 16. Ng3 O-O 17. g6 fxg6 18. hxg6 h6 19. Kb1 Bg5 20.
f5 d5 21. Qg4 Rac8 22. fxe6 Rf4 23. Qe2 Nxe4 24. Nxe4 Rxe4 25. Qh2 Bf4 26. Qf2 Rf8 27. Bg2 Be3 28. Qf7+ Rxf7 29. gxf7+ Kf8 30.
Bxe4 Qe5 31. Nf5 Qxe6 32. Nxe3 Qxe4 33. Rde1 d4 34. Nd5 Qxd5 35. Rhf1 Bc6 0-1

[Event "Masters Tournament (MTO)"]
[Site "Biel, Switzerland"]
[Date "2026.07.14"]
[Round "2.27"]
[White "Tkhoruk, Roman"]
[Black "Erne, Raphael"]
[Result "1-0"]
[TimeControl "100+30+30sec/move"]
[WhiteTitle "-"]
[BlackTitle "-"]
[WhiteFideId "34161589"]
[BlackFideId "1341928"]
[WhiteElo "1967"]
[BlackElo "2166"]

1. e4 c5 2. Nf3 d6 3. Bb5+ Nd7 4. O-O a6 5. Bd3 Ngf6 6. c3 b5 7. Bc2 c4 8. a4 Bb7 9. axb5 axb5 10.
Rxa8 Qxa8 11. Na3 Bxe4 12. Bxe4 Nxe4 13. Nxb5 Qa5 14. Na3 d5 15. d3 cxd3 16. Qxd3 e6 17. b4 Qb6 18. Be3 Qb7 19.
Nd2 Nxd2 20. Bxd2 Be7 21. c4 Nf6 22. c5 O-O 23. Nc2 Ne4 24. Be3 Bf6 25. b5 Rb8 26. c6 Qc7 27. Nb4 Qa5 28.
c7 Rc8 29. Na6 Nd6 30. b6 Nb7 31. Nb8 Qa4 32. Rc1 d4 33. Bd2 Be5 34. Qe4 1-0

[Event "Masters Tournament (MTO)"]
[Site "Biel, Switzerland"]
[Date "2026.07.14"]
[Round "2.28"]
[White "Udelnov, Valentin"]
[Black "Arndt, Uwe"]
[Result "1-0"]
[TimeControl "100+30+30sec/move"]
[WhiteTitle "-"]
[BlackTitle "-"]
[WhiteFideId "16265734"]
[BlackFideId "24647713"]
[WhiteElo "2269"]
[BlackElo "2005"]

1. e4 c6 2. d4 d5 3. e5 Bf5 4. Nf3 e6 5. Be2 Nd7 6. O-O Ne7 7. c3 c5 8. dxc5 Nc6 9. b4 a5 10.
Nd4 Bxb1 11. Rxb1 axb4 12. cxb4 Rxa2 13. Bb5 Nxd4 14. Qxd4 Be7 15. Qg4 Kf8 16. f4 h5 17. Qg3 g6 18.
Qb3 Ra8 19. Be3 Kg7 20. Ra1 Qc7 21. Bd4 Rxa1 22. Rxa1 Nb8 23. Ra7 Rc8 24. f5 gxf5 25. Qg3+ Kf8 26. Be3 Nc6 27. Bh6+ Ke8 28.
Qg8+ Kd7 29. Qxf7 Re8 30. Bg5 d4 31. Bxc6+ Qxc6 32. Ra8 1-0

[Event "Masters Tournament (MTO)"]
[Site "Biel, Switzerland"]
[Date "2026.07.14"]
[Round "2.29"]
[White "Hasenohr, Benedict"]
[Black "Petry, Martin"]
[Result "1-0"]
[TimeControl "100+30+30sec/move"]
[WhiteTitle "-"]
[BlackTitle "-"]
[WhiteFideId "1303309"]
[BlackFideId "1352318"]
[WhiteElo "2247"]
[BlackElo "1999"]

1. e4 g6 2. d4 Bg7 3. Nc3 d6 4. Be3 a6 5. a4 b6 6. Qd2 Bb7 7. f3 Nd7 8. h4 h5 9. Nh3 e5 10.
Ng5 Ngf6 11. Bc4 O-O 12. d5 Qe7 13. O-O a5 14. Nb5 Nc5 15. c3 Ba6 16. Qe2 Bxb5 17. Bxb5 Ne8 18. Qc4 f6 19.
Nh3 f5 20. b4 Nb7 21. Bg5 Nf6 22. f4 Qf7 23. Bc6 Rab8 24. fxe5 dxe5 25. Bxb7 Rxb7 26. Bxf6 Qxf6 27. exf5 gxf5 28.
Ng5 Qd6 29. Qe2 Qg6 30. Ne6 Re8 31. Qb5 Ra7 32. Rxf5 Re7 33. Raf1 c5 34. Rg5 Qe4 35. Rxg7+ Rxg7 36. Qe8+ Kh7 37.
Qxh5+ 1-0

[Event "Masters Tournament (MTO)"]
[Site "Biel, Switzerland"]
[Date "2026.07.14"]
[Round "2.30"]
[White "Oestmann, Lukas"]
[Black "Kunz, Andre"]
[Result "1/2-1/2"]
[TimeControl "100+30+30sec/move"]
[WhiteTitle "-"]
[BlackTitle "-"]
[WhiteFideId "1326457"]
[BlackFideId "24623652"]
[WhiteElo "1998"]
[BlackElo "2116"]

1. e4 c6 2. d4 d5 3. exd5 cxd5 4. c4 Nf6 5. Nc3 Nc6 6. Nf3 a6 7. cxd5 Nxd5 8. Bc4 e6 9. O-O Be7 10.
Re1 O-O 11. a3 b5 12. Bd3 Bf6 13. Qc2 Nxd4 14. Nxd4 Bxd4 15. Bxh7+ Kh8 16. Nxd5 exd5 17. Be3 Bf6 18. Bd3 Bb7 19.
Qe2 g6 20. Bc5 Re8 21. Qf3 Kg7 22. Rab1 Qd7 23. Be3 Re6 24. Qf4 Qe7 25. Rec1 Be5 26. Qh6+ Kg8 27. h4 Bg7 28. Qf4 Be5 29.
Qh6 Qf8 30. Qg5 Qg7 31. b4 Rae8 32. Bf4 Bf6 33. Qg3 Qh8 34. Bg5 Be5 35. Bf4 Bf6 36. Bg5 Be5 37. Bf4 Bf6 1/2-1/2

[Event "Masters Tournament (MTO)"]
[Site "Biel, Switzerland"]
[Date "2026.07.14"]
[Round "2.31"]
[White "Kwiatkowski, Jakub"]
[Black "Malli, Shiivesh Sunil"]
[Result "1-0"]
[TimeControl "100+30+30sec/move"]
[WhiteTitle "-"]
[BlackTitle "-"]
[WhiteFideId "1348736"]
[BlackFideId "1340409"]
[WhiteElo "2107"]
[BlackElo "1994"]

1. e4 c5 2. Nf3 Nc6 3. Bb5 g6 4. O-O Bg7 5. c3 e5 6. d4 cxd4 7. cxd4 exd4 8. Bf4 a6 9. Bc4 d6 10.
Qb3 Qe7 11. Bxd6 Qxd6 12. Bxf7+ Kd8 13. Bxg8 Qe7 14. Bd5 Kc7 15. Nbd2 Bd7 16. Rac1 Raf8 17. Nc4 g5 18. Qb6+ Kb8 19.
Na5 Nxa5 20. Rc7 1-0

[Event "Masters Tournament (MTO)"]
[Site "Biel, Switzerland"]
[Date "2026.07.14"]
[Round "2.32"]
[White "Di Candia, Roberto"]
[Black "Ragavan, Samarth Rajesh"]
[Result "0-1"]
[TimeControl "100+30+30sec/move"]
[WhiteTitle "-"]
[BlackTitle "-"]
[WhiteFideId "856649"]
[BlackFideId "39918106"]
[WhiteElo "1988"]
[BlackElo "2106"]

1. c4 Nf6 2. Nf3 c5 3. g3 g6 4.
Bg2 Bg7 5. Nc3 O-O 6. O-O d6 7. d4 Nc6 8. d5 Na5 9. Qd3 a6 10. b3 Bf5 11. Qe3 b5 12. cxb5 axb5 13. Nh4 Nxb3 14.
Nxf5 gxf5 15. Rb1 Nxc1 16. Rfxc1 b4 17. Nd1 Rxa2 18. Qd3 e6 19. dxe6 fxe6 20. Qc4 Rd2 21. Qxe6+ Kh8 22. Ne3 Rxe2 23.
Qc4 Rxe3 24. fxe3 Ng4 25. Re1 Re8 26. Rbd1 Nxe3 27. Bc6 Re5 28. Rxe3 Rxe3 29. Qxc5 Re1+ 30. Rxe1 dxc5 31. Re8+ Qxe8 32.
Bxe8 Bd4+ 33. Kg2 Kg7 34. Kf3 Kf6 35. Kf4 Bb2 36. Ke3 Ke5 37. Kd3 Bd4 38. Bf7 Bg1 39. h3 Bf2 40. g4 f4 41.
Bg8 h6 42. Bb3 f3 43. Bc4 Kf4 44. Be6 Bd4 45. h4 Kg3 46. Bd5 b3 47. Bxb3 f2 48. Ke2 Kg2 0-1

[Event "Masters Tournament (MTO)"]
[Site "Biel, Switzerland"]
[Date "2026.07.14"]
[Round "2.33"]
[White "Papaux, Jeremie"]
[Black "Magnussen, Petur Gardar"]
[Result "1-0"]
[TimeControl "100+30+30sec/move"]
[WhiteTitle "-"]
[BlackTitle "-"]
[WhiteFideId "1340867"]
[BlackFideId "7203802"]
[WhiteElo "2102"]
[BlackElo "1957"]

1. d4 d5 2. c4 e6 3. Nf3 c5 4.
cxd5 exd5 5. Bg5 Be7 6. Bxe7 Nxe7 7. dxc5 Qa5+ 8. Nc3 Qxc5 9. e3 Nbc6 10. Bd3 O-O 11. O-O h6 12. Rc1 Bg4 13.
h3 Bxf3 14. Qxf3 Ne5 15. Qe2 Nxd3 16. Qxd3 Rfd8 17. Rfd1 Qa5 18. Qb5 Qxb5 19. Nxb5 Rd7 20. Rd2 a6 21. Nc3 Rad8 22. Rcd1 f6 23.
Rd4 Kf7 24. e4 Ke6 25. Na4 Rc7 26. Nb6 Rc2 27. exd5+ Kd6 28.
Re4 Nf5 29. Nc4+ Kc5 30. b4+ 1-0

[Event "Masters Tournament (MTO)"]
[Site "Biel, Switzerland"]
[Date "2026.07.14"]
[Round "2.34"]
[White "Celis, Joel"]
[Black "Monteverde, Jonathan"]
[Result "0-1"]
[TimeControl "100+30+30sec/move"]
[WhiteTitle "-"]
[BlackTitle "-"]
[WhiteFideId "15400212"]
[BlackFideId "1314580"]
[WhiteElo "1981"]
[BlackElo "2098"]

1. e4 c5 2. Nf3 d6 3. d4 cxd4 4. Nxd4 Nf6 5. Nc3 a6 6. Be2 e5 7. Nb3 Be7 8. Be3 Be6 9. g4 d5 10.
exd5 Nxd5 11. Nxd5 Bxd5 12. Rg1 Nc6 13. c3 Rc8 14. Nd2 O-O 15. g5 Na5 16. Rg4 Be6 17. b4 Bxg4 18. Bxg4 Nc4 19.
Bxc8 Nxe3 20. fxe3 Qxc8 21. Ne4 Qh3 22. Qe2 Bxg5 23. Nxg5 Qh4+ 24. Qf2 Qxg5 25. O-O-O Qg4 26. Kb2 0-1

[Event "Masters Tournament (MTO)"]
[Site "Biel, Switzerland"]
[Date "2026.07.14"]
[Round "2.35"]
[White "Schmidt, Florian Pascal"]
[Black "Simon, Ralf-Axel"]
[Result "1-0"]
[TimeControl "100+30+30sec/move"]
[WhiteTitle "-"]
[BlackTitle "-"]
[WhiteFideId "16256840"]
[BlackFideId "4603125"]
[WhiteElo "2095"]
[BlackElo "1935"]

1. e4 e5 2. Nf3 Nc6 3. Bb5 Nf6 4. d3 Bc5 5. O-O Nd4 6. Nxd4 Bxd4 7. c3 Bb6 8. Bg5 h6 9. Bh4 c6 10.
Ba4 O-O 11. Re1 d6 12. Nd2 g5 13. Bg3 Bg4 14. Qc1 Bh5 15. Nc4 Bc7 16. Ne3 Bg6 17. Bb3 Qd7 18. Qd2 Kg7 19. f3 Rae8 20.
d4 Re7 21. Rad1 Qc8 22. h4 Rfe8 23. Nc4 Rd8 24. hxg5 hxg5 25. Qxg5 Kf8 1-0

[Event "Masters Tournament (MTO)"]
[Site "Biel, Switzerland"]
[Date "2026.07.14"]
[Round "2.36"]
[White "Wiesmann, Dominique"]
[Black "Iafelice, Vincenzo"]
[Result "0-1"]
[TimeControl "100+30+30sec/move"]
[WhiteTitle "-"]
[BlackTitle "-"]
[WhiteFideId "1308262"]
[BlackFideId "810541"]
[WhiteElo "1978"]
[BlackElo "2086"]

1. c4 Nf6 2. g3 e6 3. Bg2 d5 4. Nf3 dxc4 5. Qa4+ Nbd7 6. Qxc4 a6 7. Qc2 c5 8. a4 b6 9. Nc3 Bb7 10.
O-O Be7 11. d3 O-O 12. Bf4 Nd5 13. Nxd5 exd5 14. e4 Re8 15. h4 Nf8 16. Ng5 h6 17. Nh3 Ne6 18. Be3 Bf6 19. Nf4 dxe4 20.
Nxe6 Rxe6 21. dxe4 Qe7 22. a5 Rc8 23. axb6 Rxb6 24. Rab1 Rb4 25. f3 c4 26. Rfd1 Rb3 27. Bd4 Bxd4+ 28. Rxd4 Qc5 29. Rbd1 Qb6 30.
R1d2 c3 31. bxc3 Rcxc3 32. Qa2 Rb4 33. Qa1 Rxd4 0-1

[Event "Masters Tournament (MTO)"]
[Site "Biel, Switzerland"]
[Date "2026.07.14"]
[Round "2.37"]
[White "Yasaswi, Krishna Bommi"]
[Black "Hornung, Hans"]
[Result "1-0"]
[TimeControl "100+30+30sec/move"]
[WhiteTitle "-"]
[BlackTitle "-"]
[WhiteFideId "33368783"]
[BlackFideId "4615140"]
[WhiteElo "2085"]
[BlackElo "1924"]

1. d4 Nf6 2. Nf3 d6 3. Bf4 g6 4. h3 Bg7 5. e3 O-O 6. Be2 b6 7. O-O Bb7 8. a4 a5 9. Nc3 Nbd7 10.
Qd3 Qc8 11. Rfd1 Re8 12. Bh2 e5 13. dxe5 dxe5 14. Qd2 Bc6 15. Qe1 Qb7 16. Qf1 Re7 17. Rd2 h6 18. Rad1 Nh7 19. Nd5 Ree8 20.
Bb5 Nc5 21. Bxc6 Qxc6 22. Qc4 Qxa4 23. Qxa4 Nxa4 24. Nxc7 Nxb2 25. Rb1 Nc4 26. Rdd1 Ng5 27. Nxg5 hxg5 28. e4 Bf8 29. Kf1 Bc5 30.
Ke2 Bd4 31. Nxe8 Rxe8 32. c3 Bc5 33. Bg1 Rc8 34. f3 Bxg1 35. Rxg1 Kf8 36. Rgd1 Ke7 37. Rd5 Rc6 38. Kd3 f6 39.
Rb3 Nd6 40. Ra3 Nc4 41. Ra2 Rc8 42. Rb5 Rc6 43. Ra4 Nd6 44. Rb1 Kd7 45. g3 Nb7 46. Ra2 Nc5+ 47. Ke3 Ne6 48. Rc1 Kc7 49.
h4 gxh4 50. gxh4 Nf4 51. c4 Rd6 52. Rc3 Rd1 53. c5 b5 54. Rxa5 Re1+ 55. Kd2 Re2+ 56. Kd1 Rb2 57. c6 b4 58.
Ra7+ Kc8 59. Rc4 b3 60. c7 Ra2 61. Rxa2 bxa2 62. Ra4 Ng2 63. h5 gxh5 64. Rxa2 Nf4 65. Rc2 Ne6 66. Rc6 Nxc7 67.
Rxf6 Kd7 68. Rh6 Ne6 69. Rxh5 Kd6 70. Rh6 Ke7 71. Kd2 Nd4 72. Ke3 Nc2+ 73. Kd3 Ne1+ 74. Ke2 Ng2 75. Rh2 Nf4+ 76.
Ke3 Kf6 77. Kd2 Ng6 78. Kd3 Kg5 79. Rg2+ Kf6 80. Rxg6+ Kxg6 81. Kc4 1-0

[Event "Masters Tournament (MTO)"]
[Site "Biel, Switzerland"]
[Date "2026.07.14"]
[Round "2.38"]
[White "Tan, Jimmy"]
[Black "Bucher, Dominic"]
[Result "1-0"]
[TimeControl "100+30+30sec/move"]
[WhiteTitle "-"]
[BlackTitle "-"]
[WhiteFideId "129057499"]
[BlackFideId "1353144"]
[WhiteElo "1953"]
[BlackElo "2078"]

1. d4 d5 2. Nc3 Nf6 3. Bf4 c6 4. e3 Bf5 5. f3 e6 6. g4 Bg6 7. h4 h6 8. Bd3 Bxd3 9. Qxd3 Bd6 10.
Nh3 Bxf4 11. Nxf4 Nbd7 12. O-O-O e5 13. dxe5 Nxe5 14. Qe2 Qd6 15. g5 Nfd7 16. gxh6 Qxh6 17. h5 O-O-O 18. Rhg1 Rde8 19.
Qg2 Rhg8 20. Qg3 Nc4 21. e4 g5 22. Nfe2 g4+ 23. f4 dxe4 24. Rd4 Nd6 25. Ra4 Kb8 26. Qe3 Nb6 27. Rb4 f5 28.
Qc5 Rgf8 29. Rd1 Ndc8 30. a4 Qe6 31. Rbd4 Qe7 32. Qa5 c5 33. Rd5 Nxd5 34. Nxd5 Qd6 35. Nec3 a6 36. Ne3 Qb6 37.
Qxb6 Nxb6 38. a5 Nc8 39. Rd5 Ne7 40.
Rxc5 Rf7 41. Ne2 Rc8 42. Re5 Nc6 43. Rxf5 Rxf5 44. Nxf5 Nxa5 45. h6 Nc4 46. b3 Rf8 47. Neg3 Nb6 48. c4 Nd7 49. Kd2 Nf6 50. Ke3 Re8 51.
Ng7 Rh8 52. N7f5 Kc7 53. Nxe4 Re8 54. Nfg3 Nxe4 55. Nxe4 g3 56. h7 Rh8 57. Ng5 Kb6 58. b4 Kc6 59. f5 Kd7 60. f6 b5 61.
cxb5 axb5 62. Kf3 Kc6 63. Kxg3 Kd5 64. Kf4 Kc4 65. f7 Kxb4 66. Ne6 Ka4 67. f8=Q Rxh7 68. Qa8+ Kb3 69. Qd5+ 1-0

[Event "Masters Tournament (MTO)"]
[Site "Biel, Switzerland"]
[Date "2026.07.14"]
[Round "2.39"]
[White "Gerrits, Augustin"]
[Black "Rosen, Noah"]
[Result "1-0"]
[TimeControl "100+30+30sec/move"]
[WhiteTitle "-"]
[BlackTitle "-"]
[WhiteFideId "285358"]
[BlackFideId "1356267"]
[WhiteElo "2072"]
[BlackElo "1921"]

1. e4 e5 2. Nf3 Nc6 3. Bc4 Bc5 4. d3 Nf6 5. Nc3 a6 6. Nd5 h6 7. Be3 Bxe3 8. fxe3 d6 9. Nxf6+ Qxf6 10.
O-O Be6 11. Nd4 Qg6 12. Bxe6 fxe6 13. Nxc6 bxc6 14. Qd2 Kd7 15. Rf3 Rhf8 16. Raf1 Rf6 17. Rxf6 gxf6 18. Rf3 Rg8 19. Qf2 Ke7 20. Rg3 Qe8 21. Kf1 Rg5 22. Qf3 d5 23. b3 Qf7 24. Rxg5 hxg5 25. Qg4 Qg6 26. h4 Qh6 27.
hxg5 fxg5 28. Ke2 Kd6 29. c4 d4 30. exd4 exd4 31. Qg3+ e5 32. c5+ Kxc5 33. Qxe5+ Kb4 34. Qxd4+ Ka3 35.
Kd2 Qh1 36. Qc5+ 1-0

[Event "Masters Tournament (MTO)"]
[Site "Biel, Switzerland"]
[Date "2026.07.14"]
[Round "2.40"]
[White "Von Burg, Carl Alexander"]
[Black "St Pierre, Joseph"]
[Result "1/2-1/2"]
[TimeControl "100+30+30sec/move"]
[WhiteTitle "-"]
[BlackTitle "-"]
[WhiteFideId "1352458"]
[BlackFideId "30953472"]
[WhiteElo "1947"]
[BlackElo "2067"]

1. d4 Nf6 2. c4 e6 3. g3 d5 4.
Bg2 Bb4+ 5. Nd2 O-O 6. Ngf3 c5 7. cxd5 Qxd5 8. O-O cxd4 9. Nb3 d3 10. Nfd4 Qd7 11. a3 Be7 12. Qxd3 e5 13.
Nb5 Qxd3 14. exd3 Nc6 15. d4 Be6 16. dxe5 Bxb3 17. exf6 Bxf6 18. Nc3 Rfd8 19. Be3 Rac8 20. Rac1 b6 21.
Bxc6 Rxc6 22. Ne4 Rxc1 23. Nxf6+ gxf6 24. Rxc1 Rd1+ 25. Rxd1 Bxd1 26. Kf1 1/2-1/2

[Event "Masters Tournament (MTO)"]
[Site "Biel, Switzerland"]
[Date "2026.07.14"]
[Round "2.41"]
[White "Stefan, Iulia-Cristiana"]
[Black "Alsaleh, Eissa"]
[Result "1-0"]
[TimeControl "100+30+30sec/move"]
[WhiteTitle "-"]
[BlackTitle "-"]
[WhiteFideId "1273876"]
[BlackFideId "10312463"]
[WhiteElo "2053"]
[BlackElo "1908"]

1. d4 Nf6 2. Nf3 g6 3. c4 Bg7 4. g3 O-O 5. Bg2 d6 6. Nc3 c5 7. O-O a6 8. dxc5 dxc5 9. Qxd8 Rxd8 10.
Be3 b6 11. Ne5 Ra7 12. Na4 Bb7 13. Nxb6 Bxg2 14. Kxg2 Rb7 15. Na4 Nd5 16. cxd5 Bxe5 17. Rad1 c4 18. Bb6 Rc8 19. Bd4 Rb4 20.
Bxe5 Rxa4 21. a3 Nd7 22. Bc3 Nc5 23. f3 Nb7 24. Bb4 Nd6 25. e4 a5 26. Bxd6 exd6 27. Rd4 Rb8 28. Rf2 Rb3 29.
f4 Kf8 30. e5 Rd3 31. Rd2 Rxd2+ 32. Rxd2 dxe5 33. fxe5 c3 34. bxc3 Rxa3 35. Rc2 Rb3 36. c4 a4 37. c5 a3 38.
Kh3 Rb2 39. Rc3 a2 40. Ra3 Rb5 41. Ra8+ Kg7 42. Rxa2 Rxc5 43. Rd2 Kf8 44. Kg4 Rc4+ 45. Kf3 Ke7 46. Ke3 g5 47. Ra2 f5 48.
Ra7+ Kd8 49. Kd3 Re4 50. e6 h5 51. Rf7 Re5 52. Kd4 Re4+ 53. Kc5 f4 54. Kd6 1-0

[Event "Masters Tournament (MTO)"]
[Site "Biel, Switzerland"]
[Date "2026.07.14"]
[Round "2.42"]
[White "Yang, Sung-Jui"]
[Black "Morrison, Joseph"]
[Result "0-1"]
[TimeControl "100+30+30sec/move"]
[WhiteTitle "-"]
[BlackTitle "-"]
[WhiteFideId "16301048"]
[BlackFideId "479535"]
[WhiteElo "1935"]
[BlackElo "2048"]

1. d4 Nf6 2. Nf3 e6 3. c4 c5 4. d5 b5 5. dxe6 fxe6 6. cxb5 d5 7. e3 Bd6 8. b3 Bb7 9. Bb2 Nbd7 10.
Nbd2 Qe7 11. Be2 O-O 12. O-O e5 13. e4 Nxe4 14. Nxe4 dxe4 15. Bc4+ Kh8 16. Ng5 Qxg5 17. Qxd6 e3 18.
Bd5 exf2+ 19. Rxf2 Rxf2 20. Bxb7 Raf8 21. h3 e4 22. Bxe4 Rxb2 23. Re1 Qf6 0-1

[Event "Masters Tournament (MTO)"]
[Site "Biel, Switzerland"]
[Date "2026.07.14"]
[Round "2.43"]
[White "Lumsdon, Andrew"]
[Black "Berezovskii, Arina"]
[Result "1/2-1/2"]
[TimeControl "100+30+30sec/move"]
[WhiteTitle "-"]
[BlackTitle "-"]
[WhiteFideId "1308840"]
[BlackFideId "34449850"]
[WhiteElo "2033"]
[BlackElo "1906"]

1. e4 e5 2. Nf3 Nf6 3. Nc3 Nc6 4. g3 d5 5. exd5 Nxd5 6. Bg2 Nxc3 7. bxc3 Bd6 8. d3 O-O 9. O-O Bg4 10.
h3 Bh5 11. Rb1 Rb8 12. g4 Bg6 13. Ng5 Qd7 14. h4 f6 15. Bd5+ Kh8 16. h5 Bxh5 17. Ne6 Rfe8 18. gxh5 Rxe6 19.
Qg4 f5 20. Bxe6 Qxe6 21. Qh4 e4 22. d4 Rg8 23. Kh1 Qd5 24. Bf4 e3+ 25. f3 e2 26. Rf2 g5 27. hxg6 Rxg6 28. Re1 Be7 29.
Qh5 Rg4 30. Bh2 Bh4 31. Qe8+ Rg8 32. Qxe2 Bxf2 33. Qxf2 Qxa2 34. Bxc7 Qf7 35. Bh2 a5 36. Qh4 a4 37. c4 Re8 38.
d5 Rxe1+ 39. Qxe1 Qe7 40. Qc3+ Qg7 41. Qxg7+ Kxg7 42. dxc6 bxc6 43. Be5+ Kg6 44. Kg2 Kg5 45. Kg3 a3 46.
Bc3 a2 47. Bb2 f4+ 48. Kh3 c5 49. Kg2 h5 50. Kf2 h4 51. Ke2 Kf5 52. Bc3 Kg5 53. Kf2 Kf5 54. Kg2 Kg5 55. Kh3 Kh5 56.
Bf6 Kg6 57. Be5 Kg5 58. Bc3 Kh5 59. Bf6 Kg6 1/2-1/2

[Event "Masters Tournament (MTO)"]
[Site "Biel, Switzerland"]
[Date "2026.07.14"]
[Round "2.44"]
[White "Ruchat, Blaise"]
[Black "Aryan, Goyal"]
[Result "1/2-1/2"]
[TimeControl "100+30+30sec/move"]
[WhiteTitle "-"]
[BlackTitle "-"]
[WhiteFideId "1328921"]
[BlackFideId "366108825"]
[WhiteElo "1912"]
[BlackElo "2029"]

1. d4 Nf6 2. c4 e6 3. Nf3 Bb4+ 4.
Bd2 Qe7 5. a3 Bxd2+ 6. Nbxd2 O-O 7. e4 d6 8. e5 Nfd7 9. Bd3 dxe5 10. dxe5 Nc6 11. Qe2 Rd8 12. Bc2 a5 13. O-O-O a4 14.
Qe4 Nf8 15. h4 Qc5 16. Qf4 Ng6 17. Bxg6 fxg6 18. h5 Rf8 19. Qg3 b5 20. hxg6 h6 21. Rh4 b4 22. Rdh1 bxa3 23. Rxh6 gxh6 24.
Rxh6 a2 25. Rh8+ Kg7 26. Rh7+ Kg8 27. Rh8+ Kg7 28. Rh7+ Kg8 29. Rh8+ 1/2-1/2

[Event "Masters Tournament (MTO)"]
[Site "Biel, Switzerland"]
[Date "2026.07.14"]
[Round "2.45"]
[White "Al Ibrahim, Abdulrahman"]
[Black "Wenger, Arejou"]
[Result "1-0"]
[TimeControl "100+30+30sec/move"]
[WhiteTitle "-"]
[BlackTitle "-"]
[WhiteFideId "10300503"]
[BlackFideId "1336584"]
[WhiteElo "2016"]
[BlackElo "1873"]

1. e4 c5 2. Nf3 e6 3. d4 cxd4 4. Nxd4 Nf6 5. Nc3 Nc6 6. Ndb5 Bb4 7. a3 Bxc3+ 8. Nxc3 d5 9. Bd3 O-O 10.
O-O d4 11. Ne2 e5 12. Ng3 Qb6 13.
h3 Be6 14. b4 Rac8 15. f4 exf4 16. Bxf4 Nd7 17. Qh5 g6 18. Qh6 Nce5 19. Bxe5 Nxe5 20. Rf6 Nxd3 21. cxd3 Qb5 22. Raf1 Qxd3 23. R1f3 Qb1+ 24. Kh2 Qc1 25. R6f4 f6 26. e5 Bd5 27. Nh5 Rc7 28. Rf1 Qd2 29. R1f2 Qc1 30. Nxf6+ Rxf6 31. exf6 d3 32. f7+ Rxf7 33. Qg5 Rxf4 34.
Qxd5+ Kg7 35. Qe5+ Kg8 36. Qxf4 Qxf4+ 37. Rxf4 d2 38. Rd4 1-0

[Event "Masters Tournament (MTO)"]
[Site "Biel, Switzerland"]
[Date "2026.07.14"]
[Round "2.46"]
[White "Joly, Fabrice"]
[Black "Stevens, Christian"]
[Result "1/2-1/2"]
[TimeControl "100+30+30sec/move"]
[WhiteTitle "-"]
[BlackTitle "-"]
[WhiteFideId "612235"]
[BlackFideId "649090"]
[WhiteElo "1907"]
[BlackElo "2014"]

1. e4 c5 2. Nf3 d6 3. d4 cxd4 4. Nxd4 Nf6 5. Nc3 e6 6. g3 Be7 7. Bg2 a6 8. a4 Qc7 9. O-O Nc6 10.
Nxc6 bxc6 11. a5 Rb8 12. b3 O-O 13. Be3 Nd7 14. Qd2 c5 15. Na4 Bb7 16. Nb2 Bc6 17. Rfd1 Qb7 18. Nc4 Bxe4 19.
Bxe4 Qxe4 20. Nxd6 Bxd6 21. Qxd6 Ne5 22. Qxa6 Nf3+ 23. Kf1 Nxh2+ 24. Kg1 Nf3+ 25. Kf1 Qxc2 26. Qc4 Qf5 27. Kg2 Ne5 28. Qf4 Rxb3 29. Qxf5 exf5 30.
Bxc5 Ra8 31. a6 f6 32. a7 Rb7 33. Rab1 Rbxa7 34. Bxa7 Rxa7 35. Rd2 Kf7 36. Rb4 g5 37. Re2 g4 38.
Rb3 Kg6 39. Rbe3 Ra5 40. Rc2 Kg5 41. Rc7 h5 42. Rg7+ Kh6 43. Rg8 Ra4 44. Rh8+ Kg5 45. Rg8+ Ng6 46. Re7 Kh6 47. Reg7 Ne5 48.
Re7 f4 49. gxf4 Rxf4 50. Rh8+ Kg5 51. Reh7 Rf3 1/2-1/2